 Dungeon Crawl Stone Soup version 0.21-a0-33-g8b44e26 (webtiles) character file.

3453 TheGoonsmith the Destroyer (level 10, -1/50 HPs)
             Began as a Gargoyle Fire Elementalist on May 27, 2017.
             Was a Believer of Vehumet.
             Slain by a basilisk (12 damage)
             ... on level 1 of the Lair of Beasts.
             The game lasted 00:20:59 (8086 turns).

TheGoonsmith the Destroyer (GrFE)                   Turns: 8086, Time: 00:20:59

Health: -1/50      AC: 15    Str: 12    XL:     10   Next: 6%
Magic:  0/18       EV: 11    Int: 19    God:    Vehumet [**....]
Gold:   429        SH:  5    Dex: 10    Spells: 7/20 levels left

rFire    . . .     SeeInvis +   s - +0 short sword (venom)
rCold    . . .     Gourm    .   g - +1 buckler
rNeg     + . .     Faith    +   D - +1 leather armour {MR+}
rPois    ∞         Spirit   .   (no helmet)
rElec    +         Reflect  .   i - +2 cloak
rCorr    .         Harm     .   (no gloves)
MR       +....                  (no boots)
Stlth    ++........             u - amulet of faith
Regen    0.2/turn               m - +1 ring of protection
MPRegen  0.2/turn               q - ring of see invisible

@: no status effects
A: negative energy resistance 1, electricity resistance, unbreathing,
petrification resistance, rot immunity, AC +7
a: Renounce Religion


You were on level 1 of the Lair of Beasts.
You worshipped Vehumet.
Vehumet was pleased with you.
You were not hungry.

You visited 3 branches of the dungeon, and saw 10 of its levels.

You collected 429 gold pieces.

Inventory:

Hand Weapons
 s - a +0 short sword of venom (weapon)
 y - the cursed +1 falchion of Wounding {vamp, *Corrode Str+3 Dex+3}
   (You found it on level 5 of the Dungeon)

   It inflicts no extra harm, but heals its wielder when it wounds a living foe.
   It affects your strength (+3).
   It affects your dexterity (+3).
   It may corrode you when you take damage.
   It has a curse placed upon it.
Missiles
 x - 4 throwing nets (quivered)
Armour
 a - a +0 robe
 g - a +1 buckler (worn)
 i - a +2 cloak (worn)
 D - a +1 leather armour of magic resistance (worn)
Magical Staves
 d - an uncursed staff of death
Jewellery
 m - a +1 ring of protection (left hand)
 q - a ring of see invisible (right hand)
 u - an amulet of faith (around neck)
 J - an uncursed ring of stealth
Wands
 C - a wand of iceblast (8/15)
Scrolls
 e - 4 scrolls of teleportation
 h - 2 scrolls of immolation
 l - 2 scrolls of fear
 n - a scroll of remove curse
 r - a scroll of identify
 A - a scroll of magic mapping
Potions
 f - 4 potions of curing
 k - 3 potions of lignification
 o - a potion of haste
 t - 2 potions of agility
 w - a potion of mutation
 F - a potion of flight
 G - a potion of cancellation {unknown}
Books
 b - a book of Flames

   Spells                             Type                      Level
   a - Flame Tongue                   Conjuration/Fire             1
   b - Throw Flame                    Conjuration/Fire             2
   c - Conjure Flame                  Conjuration/Fire             3
   d - Inner Flame                    Hexes/Fire                   3
   e - Sticky Flame                   Conjuration/Fire             4
   f - Fireball                       Conjuration/Fire             5
 H - a book of Party Tricks

   Spells                             Type                      Level
   a - Summon Butterflies             Summoning                    1
   b - Apportation                    Translocation                1
   c - Lesser Beckoning               Translocation                3
   d - Tukima's Dance                 Hexes                        3
   e - Alistair's Intoxication        Transmutation/Poison         5
   f - Invisibility                   Hexes                        6
Comestibles
 c - 7 bread rations
 j - 2 royal jellies
 p - 5 meat rations


   Skills:
 - Level 1.5 Dodging
 - Level 2.1 Stealth
 - Level 4.0 Shields
 + Level 5.8 Spellcasting
 * Level 9.6 Conjurations
 * Level 8.9 Fire Magic


You had 7 spell levels left.
You knew the following spells:

 Your Spells              Type           Power        Failure   Level  Hunger
a - Flame Tongue          Conj/Fire      #####        1%          1    None
c - Conjure Flame         Conj/Fire      #####...     1%          3    ##.....
s - Sticky Flame          Conj/Fire      #####...     3%          4    ####...
z - Fireball              Conj/Fire      #####.....   9%          5    #####..


Dungeon Overview and Level Annotations

Branches:
Dungeon (8/15)             Temple (1/1) D:6            Lair (1/6) D:8

Altars:
Elyvilon
Fedhas
Gozag
Kikubaaqudgha
Makhleb
Nemelex Xobeh
Okawaru
Qazlal
Ru
Sif Muna
Trog
Uskayaw
Vehumet
Wu Jian
Xom
Yredelemnul
Zin
The Shining One


Innate Abilities, Weirdness & Mutations

You are resistant to torment.
Your stone body is resilient. (AC +7)
You are immune to poison.
You resist negative energy. (rN+)
You are resistant to electric shocks. (rElec)
You can survive without breathing.
You are immune to petrification.
You are immune to rotting.


Message History

The basilisk bites you but does no damage.
You hit the basilisk.
The basilisk is heavily wounded.
The basilisk bites you!
* * * LOW HITPOINT WARNING * * *
You hit the basilisk.
The basilisk is heavily wounded.
The basilisk barely misses you.
You feel better.
The basilisk bites you but does no damage.
Casting: Flame Tongue
Confirm with . or Enter, or press ? or * to list all spells.
Aiming: Flame Tongue
Press: ? - help, Shift-Dir - straight line, f/p - basilisk
Aim: a basilisk (heavily wounded)
The flame tongue hits the basilisk.
The basilisk appears unharmed.
The basilisk is heavily wounded.
The basilisk hisses menacingly.
The basilisk bites you!
You die...

≈≈≈≈
P≈♣≈...#.......
≈≈≈≈ ♣≈..........#
≈≈≈≈ ♣..........#
≈≈≈≈ #..........# .
≈≈P≈ ♣♣..........#
.. ≈≈P
♣♣...........###...
♣≈.................
♣)#................
...........@l......
..#................
. #P.........#.###.
##.###.......# #.
#........# ..
#........# #
#........#
#........#


You could see a basilisk.

Vanquished Creatures
  Pikel (D:4)
  A cyclops (D:7)
  A water moccasin (Lair:1)
  An ice beast (D:8)
  A slave (D:4)
  2 sky beasts
  3 phantoms
  A necrophage (D:7)
  4 ogres
  3 centaurs
  3 bullfrogs
  3 scorpions
  3 howler monkeys
  A crimson imp (D:5)
  A bullfrog zombie (D:7)
  A jelly (D:6)
  6 orc priests
  3 centaur skeletons
  A bullfrog skeleton (D:7)
  An iguana (Lair:1)
  3 orc wizards
  5 worker ants
  2 howler monkey skeletons
  5 adders
  8 gnolls
  A shadow imp (D:6)
  3 oozes
  An adder zombie (D:5)
  A worm (D:3)
  4 dart slugs
  5 leopard geckos
  23 orcs
  10 bats
  5 giant cockroaches
  12 goblins
  8 hobgoblins
  9 jackals
  5 quokkas
  3 ball pythons
  8 frilled lizards
  9 kobolds
  4 rats
175 creatures vanquished.

Vanquished Creatures (others)
  A worker ant (D:4)
  An adder skeleton (D:4)
  A leopard gecko (D:4)
  A quokka (D:4)
4 creatures vanquished.

Grand Total: 179 creatures vanquished

Notes
Turn   | Place    | Note
-------+----------+-------------------------------------------
     0 | D:1      | TheGoonsmith the Gargoyle Fire Elementalist began the quest for the Orb.
     0 | D:1      | Reached XP level 1. HP: 10/10 MP: 3/3
   255 | D:1      | Reached XP level 2. HP: 15/15 MP: 3/5
   278 | D:1      | Reached skill level 2 in Conjurations
   494 | D:1      | Reached XP level 3. HP: 16/19 MP: 3/6
   709 | D:2      | Found a hide-covered altar of Uskayaw.
   988 | D:2      | Reached skill level 3 in Conjurations
  1104 | D:2      | Reached XP level 4. HP: 24/24 MP: 0/7
  1525 | D:3      | Reached XP level 5. HP: 28/28 MP: 5/8
  1629 | D:2      | Learned a level 4 spell: Sticky Flame
  1633 | D:2      | Learned a level 3 spell: Conjure Flame
  1690 | D:3      | Reached skill level 4 in Conjurations
  2124 | D:3      | Found a stormy altar of Qazlal.
  2125 | D:3      | Noticed a water elemental
  2126 | D:3      | Noticed a fire elemental
  2126 | D:3      | Noticed an air elemental
  2480 | D:3      | Reached XP level 6. HP: 24/32 MP: 4/10
  3080 | D:4      | Noticed a slave
  3083 | D:4      | Noticed a slave
  3083 | D:4      | Noticed a slave
  3083 | D:4      | Noticed Pikel
  3084 | D:4      | Noticed a slave
  3093 | D:4      | Killed a slave
  3113 | D:4      | Killed Pikel
  3113 | D:4      | Reached skill level 6 in Conjurations
  3113 | D:4      | Reached skill level 5 in Fire Magic
  3113 | D:4      | Reached XP level 7. HP: 6/36 MP: 2/12
  3468 | D:4      | Found an ornate altar of the Wu Jian Council.
  3964 | D:4      | Reached skill level 1 in Shields
  3964 | D:4      | Reached XP level 8. HP: 41/41 MP: 10/14
  4307 | D:5      | Entered Level 5 of the Dungeon
  4381 | D:5      | Found an opulent altar of Gozag.
  4573 | D:5      | Got a shimmering falchion
  4594 | D:5      | Found an ancient bone altar of Kikubaaqudgha.
  4627 | D:6      | Found a staircase to the Ecumenical Temple.
  4840 | Temple   | Entered the Ecumenical Temple
  4884 | Temple   | Became a worshipper of Vehumet
  4996 | D:6      | Reached skill level 7 in Conjurations
  5118 | D:6      | Found a bloodstained altar of Trog.
  6206 | D:6      | Found an iron altar of Okawaru.
  6209 | D:6      | Reached * piety under Vehumet
  6209 | D:6      | Offered knowledge of Sandblast by Vehumet.
  6209 | D:6      | Reached XP level 9. HP: 45/45 MP: 11/15
  6320 | D:6      | Learned a level 5 spell: Fireball
  6544 | D:7      | Found a shimmering altar of Xom.
  6545 | D:7      | Noticed an angel
  6549 | D:7      | Found a glowing silver altar of Zin.
  6645 | D:7      | Reached skill level 8 in Conjurations
  6694 | D:7      | Reached skill level 5 in Spellcasting
  6817 | D:7      | Noticed a cyclops
  6836 | D:7      | Killed a cyclops
  7519 | D:8      | Found a staircase to the Lair.
  7526 | D:8      | Reached skill level 9 in Conjurations
  7597 | D:8      | Offered knowledge of Freeze by Vehumet.
  7780 | D:8      | Reached ** piety under Vehumet
  7780 | D:8      | Reached XP level 10. HP: 50/50 MP: 11/18
  7827 | Lair:1   | Entered Level 1 of the Lair of Beasts
  7833 | Lair:1   | Identified the cursed +1 falchion of Wounding {vamp, *Corrode Str+3 Dex+3} (You found it on level 5 of the Dungeon)
  8048 | Lair:1   | Noticed a four-headed hydra
  8083 | Lair:1   | HP: 2/50 [basilisk (14)]
  8086 | Lair:1   | Slain by a basilisk

Vault maps used:
D:1:      shiori_shiawase
D:2:      eat_drink_and_be_merry_uskayaw, first_bread
D:3:      wad_river_or_something, kennysheep_small_spiral,
          nicolae_qazlal_style_of_elements
D:4:      kennysheep_little_box, uniq_pikel
D:5:      kiku_gazebo_pond_becter, kennysheep_mini
D:6:      lemuel_crystal_altar, minmay_temple_entry_large_hall,
          nicolae_ossuary_entry_monument, trog_hazing_becter
D:7:      grunt_temple_overflow_order_and_chaos_1, grunt_ogre_cave
D:8:      lair_entry_dummy
Temple:   nicolae_temple_hex_pool
Lair:1:   beast_lair_carwin_large_1, serial_bayou, serial_bayou_pond_d,
          serial_bayou_shore_b, serial_bayou_pond_a, serial_bayou_lake_a

Skill      XL: |  1  2  3  4  5  6  7  8  9 |
---------------+----------------------------+-----
Conjurations   | 2 3 4 6 7 9 |  9.6
Fire Magic     | 4 5 7 8 |  8.9
Spellcasting   | 3 4 5 |  5.8
Shields        | 1 4 |  4.0
Dodging        | |  1.5
Stealth        | |  2.1

Action                   |  1- 3 |  4- 6 |  7- 9 | 10-12 || total
-------------------------+-------+-------+-------+-------++-------
Melee: Club              |     7 |     8 |       |       ||    15
       Short sword       |       |    10 |    35 |     9 ||    54
 Cast: Flame Tongue      |    61 |    98 |   237 |    23 ||   419
       Sticky Flame      |       |     2 |     7 |     1 ||    10
       Conjure Flame     |       |     1 |     3 |       ||     4
       Fireball          |       |       |       |     1 ||     1
  Use: Scroll            |       |     7 |     3 |    11 ||    21
       Potion            |       |       |       |     1 ||     1
  Eat: Chunk             |     1 |     6 |    12 |     1 ||    20
       Meat ration       |       |       |     1 |       ||     1
Armor: Robe              |     9 |    18 |    32 |       ||    59
       Leather armour    |       |       |    20 |    14 ||    34
Dodge: Dodged            |    14 |    38 |    75 |    17 ||   144
Block: Buckler           |       |       |    24 |     7 ||    31
